 Dungeon Crawl Stone Soup version 0.17-a0-1562-g9b2c768 (webtiles) character file.

2147 patman the Cleaver (level 9, 0/105 HPs)
             Began as a Minotaur Berserker on July 20, 2015.
             Was an Elder of Trog.
             Succumbed to a killer bee's poison
             ... on level 8 of the Dungeon.
             The game lasted 00:10:14 (2593 turns).

patman the Cleaver (Minotaur Berserker)             Turns: 2593, Time: 00:10:14

Health: 0/105      AC:  6    Str: 26    XL:     9   Next: 9%
Magic:  17/17      EV:  9    Int:  4    God:    Trog [****..]
Gold:   104        SH:  0    Dex: 14    Spells: 0 memorised, 8 levels left

rFire  . . .     SeeInvis .     a - +0 hand axe
rCold  . . .     Clarity  .     n - +0 scale mail
rNeg   . . .     SustAt   .     (no shield)
rPois  .         Gourm    +     (helmet restricted)
rElec  .         Spirit   .     (no cloak)
rCorr  .         Warding  .     (no gloves)
rMut   .         Stasis   .     (no boots)
MR     .....                    d - amulet of the gourmand
Stlth  ..........               j - -2 ring of evasion (curse)
                                k - ring of magical power

@: berserking (expiring), lethally poisoned (0 -> -48), very quick, not
resistant to hostile enchantments, extremely unstealthy
A: retaliatory headbutt, horns 2
a: Burn Spellbooks, Berserk, Trog's Hand, Brothers in Arms, Renounce Religion


You were on level 8 of the Dungeon.
You worshipped Trog.
Trog was greatly pleased with you.
You were very full.

You visited 1 branch of the dungeon, and saw 8 of its levels.

You collected 104 gold pieces.

Inventory:

Hand weapons
 a - a +0 hand axe (weapon)
 b - a +4 dire flail of venom
 p - the +2 mace of Duckafemytwo {holy, +Blink rC- Dex+4}
   (You found it on level 4 of the Dungeon)

   It has been blessed by the Shining One to cause great damage to the undead
   and demons.
   It affects your dexterity (+4).
   It makes you vulnerable to cold.
   It lets you blink.
Missiles
 f - 7 silver tomahawks (quivered)
 i - a throwing net
Armour
 n - a +0 scale mail (worn)
Jewellery
 d - an amulet of the gourmand (around neck)
 j - a cursed -2 ring of evasion (right hand)
 k - a ring of magical power (left hand)
Magical devices
 r - a wand of flame (48)
Scrolls
 e - a scroll of magic mapping
 g - a scroll of fear
 h - a scroll of recharging
 l - a scroll of enchant armour {unknown}
 o - 2 scrolls of teleportation
 q - a scroll of remove curse {unknown}
Potions
 s - a potion of curing {unknown}
 t - a potion of invisibility {unknown}
Comestibles
 c - 3 bread rations
 m - a slice of pizza
 u - a beef jerky
 v - 4 chunks of flesh
 w - a meat ration


   Skills:
 - Level 3.6 Fighting
 + Level 14.1 Axes
 - Level 2.4 Armour
 - Level 2.1 Dodging


You had 8 spell levels left.
You didn't know any spells.

Dungeon Overview and Level Annotations

Branches:
Dungeon (8/15)
 Temple: D:4-7         Lair: D:8-11

Altars:
Cheibriados
Yredelemnul
The Shining One

Shops:
D:7 [

Annotations:
D:4 1 runed door


Innate Abilities, Weirdness & Mutations

You reflexively headbutt those who attack you in melee.
You have a pair of horns on your head.


Message History

The killer bee stings you.
* * * LOW HITPOINT WARNING * * *
You are more poisoned.
The killer bee poisons you! The killer bee stings you.
* * * LOW HITPOINT WARNING * * *
Unknown command.
You closely miss the killer bee.
The killer bee is heavily wounded.
You closely miss the killer bee.
The killer bee is heavily wounded.
* * * LOW HITPOINT WARNING * * *
You feel sick. The killer bee stings you.
* * * LOW HITPOINT WARNING * * *
The phantom blinks!
Unknown command.
You barely miss the killer bee. Your headbutt misses the killer bee.
The killer bee is heavily wounded.
You closely miss the killer bee.
The killer bee is heavily wounded.
You die...

..........................#
..........................#
..........................#
...................†......#
....................†..##..#
......................## #..#
.......................## #..#
...............yy†......# #..
................@.......##
.........................##
..........................#
..........§...............##
...........................#
.......................†......
.............................#
.............................#
..............................


You could see 2 killer bees.

Vanquished Creatures
  Prince Ribbit (D:5)
  A hippogriff (D:7)
  A wyvern (D:8)
  Edmund (D:5)
  A phantom (D:7)
  4 ogres
  A centaur (D:7)
  A giant frog (D:8)
  A big kobold (D:7)
  4 killer bees
  A giant frog zombie (D:5)
  A centaur zombie (D:5)
  2 crimson imps (D:7)
  A hound (D:4)
  A giant frog skeleton (D:5)
  A jelly (D:7)
  4 orc priests
  A worker ant (D:8)
  9 orc wizards
  A hound skeleton (D:4)
  4 gnolls (D:4)
  A worker ant zombie (D:5)
  An adder (D:2)
  An adder skeleton (D:4)
  A worm (D:3)
  13 orcs
  A ball python (D:3)
  A bat skeleton (D:4)
  A giant cockroach (D:4)
  3 hobgoblins
  3 jackals (D:1)
  7 kobolds
  3 quokkas
  7 bats
  6 giant geckos
  2 giant newts
  2 goblins (D:4)
  A quokka skeleton (D:5)
  4 rats
100 creatures vanquished.

Notes
Turn   | Place    | Note
--------------------------------------------------------------
     0 | D:1      | patman the Minotaur Berserker began the quest for the Orb.
     0 | D:1      | Reached XP level 1. HP: 19/19 MP: 0/0
    34 | D:1      | Reached skill level 4 in Axes
    94 | D:2      | Reached XP level 2. HP: 21/26 MP: 1/1
   164 | D:4      | Reached skill level 5 in Axes
   181 | D:4      | Reached XP level 3. HP: 26/31 MP: 2/2
   247 | D:4      | Acquired Trog's second power
   247 | D:4      | Reached skill level 6 in Axes
   247 | D:4      | Reached XP level 4. HP: 28/39 MP: 3/3
   288 | D:4      | Reached skill level 7 in Axes
   288 | D:4      | Reached XP level 5. HP: 25/45 MP: 4/4
   323 | D:4      | Got a translucent mace
   324 | D:4      | Identified the +2 mace of Duckafemytwo {holy, +Blink rC- Dex+4} (You found it on level 4 of the Dungeon)
   519 | D:4      | Reached skill level 8 in Axes
   573 | D:4      | Reached XP level 6. HP: 29/51 MP: 5/5
   691 | D:4      | Reached skill level 9 in Axes
   721 | D:4      | Noticed an ogre
   728 | D:4      | Killed an ogre
   752 | D:4      | Noticed an ogre
   786 | D:4      | Killed an ogre
   786 | D:4      | Reached skill level 10 in Axes
   786 | D:4      | Reached XP level 7. HP: 40/57 MP: 6/6
   934 | D:4      | Found a snail-covered altar of Cheibriados.
   934 | D:4      | Found a basalt altar of Yredelemnul.
   954 | D:4      | Found a glowing golden altar of the Shining One.
   957 | D:4      | Found a runed door.
   957 | D:4      | Noticed an angel
  1024 | D:5      | Entered Level 5 of the Dungeon
  1160 | D:5      | Noticed Prince Ribbit
  1174 | D:5      | Killed Prince Ribbit
  1183 | D:5      | Reached skill level 11 in Axes
  1344 | D:5      | Noticed Edmund
  1357 | D:5      | Killed Edmund
  1357 | D:5      | Reached XP level 8. HP: 64/64 MP: 7/7
  1708 | D:7      | Reached skill level 12 in Axes
  1861 | D:7      | Reached skill level 13 in Axes
  2069 | D:7      | Found Mauvosch's Antique Armour Shoppe.
  2155 | D:7      | Acquired Trog's third power
  2523 | D:8      | Reached XP level 9. HP: 51/70 MP: 8/8
  2586 | D:8      | Reached skill level 14 in Axes
  2591 | D:8      | HP: 5/105 [killer bee (5)]
  2592 | D:8      | HP: 2/105 [killer bee (1)]
  2593 | D:8      | Succumbed to a killer bee's poison

Vault maps used:
D:1:      minmay_arrival_glassed_features, grunt_decor_cap, nrook_mini_backslash
D:2:      overflow_temple_1_default, amalloy_card_club, uniq_jessica,
          uniq_crazy_yiuf_cottage, uniq_terence
D:4:      amethyst_overflow_temple_binary, lemuel_coloured_pillars_altar,
          first_bread, kennysheep_cross_room, grunt_ministairs_2,
          lemuel_angel_altar, uniq_blork_the_orc
D:5:      nicolae_overflow_hidden_temple, uniq_edmund, uniq_prince_ribbit1
D:6:      grunt_temple_overflow_open, nicolae_qazlal_general_emergency,
          uniq_eustachio
D:7:      temple_hall, serial_shops, shop

Action                   |  1- 3 |  4- 6 |  7- 9 || total
-------------------------+-------+-------+-------++-------
Melee: Hand axe          |    35 |    73 |   107 ||   215
       Dire flail        |       |       |    50 ||    50
Invok: Berserk           |       |     5 |     4 ||     9
       Burn Spellbooks   |       |       |     1 ||     1
  Use: Scroll            |       |       |     4 ||     4
 Stab: Sleeping          |     1 |       |       ||     1
  Eat: Chunk             |    11 |     9 |    11 ||    31
       Pizza             |       |     1 |       ||     1
